 Dungeon Crawl Stone Soup version 0.17-a0-1910-g4c791fa (webtiles) character file.

2008 Japsu the Spear-Bearer (level 9, -14/69 HPs)
             Began as a Merfolk Gladiator on Sept 25, 2015.
             Was an Initiate of Sif Muna.
             Demolished by Kusio's ghost (21 damage)
             ... on level 7 of the Dungeon on Sept 26, 2015.
             The game lasted 01:13:16 (6466 turns).

Japsu the Spear-Bearer (Merfolk Gladiator)          Turns: 6466, Time: 01:13:16

Health: -14/69     AC: 16    Str: 18    XL:     9   Next: 22%
Magic:  14/14      EV: 11    Int:  8    God:    Sif Muna [......]
Gold:   402        SH:  0    Dex: 21    Spells: 0 memorised, 15 levels left

rFire  . . .     SeeInvis .     a - +4 trident
rCold  . . .     Clarity  .     i - +0 chain mail
rNeg   . . .     SustAt   .     (no shield)
rPois  .         Gourm    .     c - +0 helmet
rElec  .         Spirit   .     (no cloak)
rCorr  .         Warding  .     l - +1 pair of gloves {Dex+3}
rMut   .         Stasis   .     F - +0 pair of boots
MR     .....                    H - amulet of regeneration
Stlth  ..........               x - +2 ring of protection
                                m - +4 ring of dexterity

@: not resistant to hostile enchantments, extremely unstealthy
A: change form in water, swift swim
a: Renounce Religion


You were on level 7 of the Dungeon.
You worshipped Sif Muna.
Sif Muna was noncommittal.
You were not hungry.

You visited 2 branches of the dungeon, and saw 8 of its levels.

You collected 402 gold pieces.

Inventory:

Hand weapons
 a - a +4 trident (weapon)
 d - a +0 dire flail
 u - a +1 whip of venom
 A - a +0 dagger of speed
 W - a +2 whip of freezing
Missiles
 j - 20 arrows of frost
 p - 25 poisoned needles
 N - 3 throwing nets (quivered)
Armour
 b - a +0 leather armour
 c - a +0 helmet (worn)
 i - a +0 chain mail (worn)
 l - a +1 pair of gloves of dexterity (worn)
 F - a +0 pair of boots (worn)
 M - a +2 robe
 X - a +0 animal skin
Magical staves
 n - an uncursed staff of earth {unknown}
Jewellery
 m - a +4 ring of dexterity (left hand)
 x - a +2 ring of protection (right hand)
 y - an uncursed ring of fire
 D - an uncursed ring of fire
 H - an amulet of regeneration (around neck)
 L - a cursed ring of loudness
 Q - a +4 ring of dexterity
Scrolls
 f - 4 scrolls of teleportation
 o - 4 scrolls of amnesia
 s - a scroll of recharging
 t - a scroll of enchant armour {unknown}
 v - a scroll of identify
 C - 2 scrolls of remove curse
 P - a scroll of magic mapping {unknown}
Potions
 k - 5 potions of curing
 r - 2 potions of cure mutation
 z - a potion of haste
 B - a potion of ambrosia
 E - a potion of degeneration
 U - a potion of agility {unknown}
 Y - a potion of lignification {unknown}
Books
 e - a book of Unlife

   Spells                             Type                      Level
   a - Recall                         Summoning/Translocation      3
   b - Animate Dead                   Necromancy                   4
   c - Control Undead                 Necromancy                   4
   d - Cigotuvi's Embrace             Necromancy                   5
   e - Death Channel                  Necromancy                   6
   f - Simulacrum                     Ice/Necromancy               6
Comestibles
 g - 2 beef jerkies
 h - 3 meat rations
 w - 3 bread rations
 O - 4 fruits


   Skills:
 * Level 6.0 Fighting
 * Level 10.8 Polearms
 - Level 2.0 Throwing
 - Level 4.2 Armour
 * Level 5.4 Dodging
 * Level 3.6 Spellcasting
 * Level 0.9 Invocations


You had 15 spell levels left.
You didn't know any spells.

Dungeon Overview and Level Annotations

Branches:
Dungeon (7/15)             Temple (1/1) D:5

Altars:
Cheibriados
Elyvilon
Fedhas
Kikubaaqudgha
Makhleb
Nemelex Xobeh
Okawaru
Qazlal
Ru
Sif Muna
Trog
Vehumet
Xom
Yredelemnul
Zin
The Shining One

Annotations:
D:7 Kusio's ghost, experienced OgBe


Message History

You hit Kusio's ghost.
Kusio's ghost is lightly damaged.
Kusio's ghost hits you.
You closely miss Kusio's ghost.
Kusio's ghost hits you but does no damage.
You puncture Kusio's ghost!
Kusio's ghost is lightly damaged.
You puncture Kusio's ghost!
Kusio's ghost is moderately damaged.
Kusio's ghost hits you!!
* * * LOW HITPOINT WARNING * * *
You hit Kusio's ghost but do no damage.
Kusio's ghost is moderately damaged.
Kusio's ghost misses you.
You closely miss Kusio's ghost.
Kusio's ghost is moderately damaged.
Kusio's ghost hits you!
* * * LOW HITPOINT WARNING * * *
Kusio's ghost hits you!!
You die...

#..# #...####....## #.. #..
##.. ##...## ####..#####
##..######.....# #....# .
...............## ##....# .
................###.....#
....######...#..........#
#..## #..###.....#......#
....## #..###.W..##.....##
.....### ##..###@.......#..#
#......####..#.......####..#
####..<.........#...## ...#
#..........####..# ..
#.......###..## ##..#
......### #..# ### ##...##
#.## ##..# ..# #.. ....


You could see Kusio's ghost.

Vanquished Creatures
  Pikel (D:5)
  The ghost of pisklak the Sneak, an experienced KoIE (D:4)
  Grinder (D:4)
  Menkaure (D:4)
  Edmund (D:6)
  Duvessa (D:4)
  An ogre (D:5)
  A sky beast (D:5)
  An orc warrior (D:6)
  Dowan (D:4)
  An orc priest (D:3)
  A hound (D:4)
  2 worker ants (D:5)
  A giant frog skeleton (D:5)
  4 orc wizards
  A hound skeleton (D:5)
  9 adders
  An adder skeleton (D:5)
  An adder zombie (D:5)
  4 worms
  6 giant geckos
  16 orcs
  A ball python (D:1)
  8 giant cockroaches
  6 hobgoblins
  6 jackals
  7 kobolds
  A quokka (D:4)
  7 bats
  7 giant newts
  7 goblins
  A quokka zombie (D:7)
  6 rats
114 creatures vanquished.

Vanquished Creatures (others)
  A slave (D:5)
1 creature vanquished.

Grand Total: 115 creatures vanquished

Notes
Turn   | Place    | Note
--------------------------------------------------------------
     0 | D:1      | Japsu the Merfolk Gladiator began the quest for the Orb.
     0 | D:1      | Reached XP level 1. HP: 16/16 MP: 1/1
   304 | D:1      | Reached XP level 2. HP: 20/22 MP: 2/2
  1109 | D:2      | Reached skill level 1 in Spellcasting
  1143 | D:2      | Reached XP level 3. HP: 27/27 MP: 4/4
  1204 | D:2      | Reached skill level 5 in Polearms
  1640 | D:2      | Reached skill level 1 in Armour
  1955 | D:3      | Reached XP level 4. HP: 33/33 MP: 5/5
  2136 | D:3      | Reached XP level 5. HP: 39/39 MP: 6/6
  2153 | D:3      | Reached skill level 6 in Polearms
  2776 | D:4      | Noticed pisklak's ghost (experienced KoIE)
  2836 | D:4      | Killed pisklak's ghost
  2836 | D:4      | Reached skill level 7 in Polearms
  2836 | D:4      | Reached XP level 6. HP: 24/48 MP: 7/9
  2836 | D:4      | Reached XP level 7. HP: 26/53 MP: 7/10
  3444 | D:4      | Noticed Menkaure
  3624 | D:4      | Killed Menkaure
  3696 | D:4      | Noticed Duvessa
  3697 | D:4      | Noticed Dowan
  3711 | D:4      | Killed Dowan
  3741 | D:4      | Killed Duvessa
  3741 | D:4      | Reached skill level 8 in Polearms
  3915 | D:4      | Noticed Grinder
  3921 | D:4      | Paralysed by Grinder for 5 turns
  3950 | D:4      | Paralysed by Grinder for 5 turns
  3967 | D:4      | Killed Grinder
  3967 | D:4      | Reached XP level 8. HP: 28/61 MP: 11/11
  4377 | D:5      | Entered Level 5 of the Dungeon
  4388 | D:5      | Upgraded the game from 0.17-a0-1909-g0b14330 to 0.17-a0-1910-g4c791fa
  4415 | D:5      | Reached skill level 5 in Fighting
  4415 | D:5      | Reached skill level 9 in Polearms
  4601 | D:5      | Reached skill level 5 in Dodging
  4685 | D:5      | Noticed Pikel
  4708 | D:5      | Killed Pikel
  4708 | D:5      | Reached skill level 10 in Polearms
  4782 | D:5      | Reached XP level 9. HP: 60/69 MP: 14/14
  4828 | D:5      | Found a staircase to the Ecumenical Temple.
  5143 | Temple   | Entered the Ecumenical Temple
  5298 | Temple   | Became a worshipper of Sif Muna the Loreminder
  5573 | D:6      | Noticed Edmund
  5587 | D:6      | Killed Edmund
  6323 | D:7      | Noticed Kusio's ghost (experienced OgBe)
  6466 | D:7      | Demolished by Kusio's ghost

Vault maps used:
D:1:      sevenhm_arrival_forest_fort_small_5
D:4:      first_bread, uniq_duvessa, uniq_menkaure, uniq_grinder
D:5:      temple_green, uniq_pikel
D:6:      uniq_edmund
D:7:      the_bakery, kennysheep_another_room
Temple:   lightli_temple_of_artemis

Action                   |  1- 3 |  4- 6 |  7- 9 || total
-------------------------+-------+-------+-------++-------
Melee: Trident           |   138 |   165 |   256 ||   559
Throw: Throwing net      |     1 |       |     4 ||     5
  Use: Scroll            |     7 |     1 |     8 ||    16
       Potion            |       |       |    16 ||    16
  Eat: Bread ration      |     1 |     1 |     1 ||     3
       Royal jelly       |       |       |     1 ||     1
       Meat ration       |       |       |     1 ||     1
